Cogmind - Beta 16 --- EXPLORER MODE // 2025.12.16 @ 14:19:52 Player: K.K.Y. Result: Destroyed by Autobeam Turret with Autobeam Performance ------------- Evolutions (0) 0 Regions Visited (3) 600 Robots Destroyed (49) 245 Value Destroyed (1027) 1027 Prototype IDs (0) 0 Alien Tech Used (0) 0 Bonus (0) 0 TOTAL SCORE: 1872 Bonus ------- None Cogmind --------- Core Integrity 0/250 Matter 290/300 Energy 182/200 System Corruption 0% Temperature Cool (6) Movement Treading (240) Ox1 Location -10/Subcaves Parts ------- > --- POWER (1) -------- Subdweller Power Source > --- PROPULSION (2) --- Light Treads > --- UTILITY (3) ------ Structural Scanner Improved Utility Shielding Reactive Plating > --- WEAPON (2) ------- Subdweller Laser Shotgun > --- INVENTORY (5) ---- Huge Storage Unit Humpback Improved Terrain Scanner Mining Laser Peak State ------------ > --- POWER ------------ Light Nuclear Core > --- PROPULSION ------- Light Treads Light Treads > --- UTILITY ---------- Structural Scanner Improved Utility Shielding Reactive Plating > --- WEAPON ----------- Shock Rifle Shotgun > --- INVENTORY -------- Huge Storage Unit Improved Terrain Scanner Shotgun Datajack Mining Laser [Rating: 17] Favorites ----------- Power Ion Engine Engine Ion Engine Power Core Light Nuclear Core Propulsion Light Treads Treads Light Treads Utility Structural Scanner Device Structural Scanner Processor Targeting Computer Protection Reactive Plating Weapon Shotgun Energy Gun Shock Rifle Ballistic Gun Shotgun Build | -11 -10 -10 -10 ------- Run | Yrd Mat Min Sub Slots Evolved 1 | . 1 . . Power . | . . . . Propulsion . | . . . . Utility 1 | . 1 . . Weapon . | . . . . Parts Attached 17 | 6 4 5 2 Power 3 | 1 . 1 1 Engine 2 | 1 . . 1 Core 1 | . . 1 . Reactor . | . . . . Propulsion 2 | 2 . . . Treads 2 | 2 . . . Leg . | . . . . Wheel . | . . . . Hover . | . . . . Flight . | . . . . Utility 5 | 1 2 2 . Device 2 | . 2 . . Storage . | . . . . Processor 1 | 1 . . . Hackware . | . . . . Protection 2 | . . 2 . Artifact . | . . . . Weapon 7 | 2 2 2 1 Energy Gun 2 | . . 1 1 Energy Cannon . | . . . . Ballistic Gun 5 | 2 2 1 . Ballistic Cannon . | . . . . Launcher . | . . . . Special Weapon . | . . . . Impact Weapon . | . . . . Slashing Weapon . | . . . . Piercing Weapon . | . . . . Special Melee Weapon . | . . . . Unidentified Prototypes . | . . . . Parts Lost 4 | . . 2 2 Power 1 | . . 1 . Propulsion 1 | . . . 1 Utility . | . . . . Weapon 2 | . . 1 1 Highest Loss Streak 2 | . . 2 1 To Critical Strikes . | . . . . Average Backups 3 | . 3 4 4 Power . | . . . . Propulsion . | . . . . Utility 1 | . 1 2 2 Weapon 1 | . 1 1 1 Tool/Special . | . . . . Unused Backups 5 | . . . 5 Power . | . . . . Propulsion . | . . . . Utility 3 | . . . 3 Weapon 1 | . . . 1 Tool/Special 1 | . . . 1 Average Slot Usage (%) 87 | . 81 92 83 Engine 5 | . 12 1 7 Core 2 | . . 4 . Treads 23 | . 25 25 16 Device 11 | . 6 14 12 Processor 4 | . 12 1 . Protection 15 | . . 20 25 Energy Gun 3 | . . 4 9 Ballistic Gun 19 | . 25 19 12 Peak Build Rating 17 | 6 11 17 14 Average Rating 11 | 5 6 13 13 On Entrance 7 | . 6 11 13 Avg Prop Armor Cover (%) . | . . . . Naked Turns . | . . . . Heaviest Build 25 | 9 12 24 25 Greatest Support 46 | 40 46 46 40 Greatest Overweight (x) 1 | . . . 1 Average Overweight (x) . | . . . . Largest Inventory Capacity 5 | 5 5 5 5 Average Capacity 5 | 5 5 5 5 Most Carried 5 | 3 5 5 5 Average Carried 4 | . 3 4 4 Final Capacity 5 | 5 5 5 5 Final Carried 5 | 2 5 4 5 Class Distribution -------------------- 100% | Hacker-Mutant Dominant Class ---------------- Hacker-Mutant | -10/Materials Hacker-Mutant | -10/Mines Hacker-Mutant | -10/Subcaves Resources | -11 -10 -10 -10 ----------- Run | Yrd Mat Min Sub Matter Collected 938 | 265 377 199 97 Remotely . | . . . . Salvage Created 1646 | 176 680 507 283 Parts 110 | 9 42 30 29 Haulers Intercepted 2 | . 2 . . Recyclers Shooed 8 | . 6 2 . Parts Field Recycled . | . . . . Retrieved Matter . | . . . . Parts Self-Destructed . | . . . . Prevented . | . . . . Parts Restored . | . . . . Kills | -11 -10 -10 -10 ------- Run | Yrd Mat Min Sub Combat Hostiles Destroyed 28 | . 9 9 10 Guns 28 | . 9 9 10 Classes Destroyed 11 | 3 4 2 2 Worker 3 | 1 . 2 . Builder 2 | . . 2 . Tunneler 5 | 5 . . . Hauler 2 | . 2 . . Recycler 6 | 1 3 2 . Watcher 3 | . 3 . . Swarmer 8 | . 4 . 4 Grunt 12 | . 5 7 . Sentry 1 | . . . 1 Demolisher 2 | . . 2 . Subdweller 5 | . . . 5 Best Kill Streak 5 | 3 4 4 5 Combat Bots Only 5 | . 3 4 5 Max Kills in Single Turn 2 | 1 2 1 2 Gunslinging 1 | . 1 . 1 Exploded . | . . . . Melee . | . . . . Uniques/NPCs Destroyed . | . . . . Combat | -11 -10 -10 -10 -------- Run | Yrd Mat Min Sub Hostile Shots Fired 156 | . 36 53 67 Missed 50 | . 13 17 20 Hits 106 | . 23 36 47 Projectile 106 | . 23 36 47 AOE 12 | . . 12 . Critical Strikes 2 | . 1 1 . Damage Taken 1018 | . 144 492 382 Core 251 | . 30 103 118 Absorbed by Shields . | . . . . Ignored by Resistances 688 | . 95 296 297 Core Remaining (%) 100 | 100 . . . Volleys Fired 109 | 14 48 24 23 Largest 2 | 2 2 2 2 Hottest 83 | 40 40 73 83 Shots Fired 204 | 28 96 43 37 Gun 204 | 28 96 43 37 Cannon . | . . . . Launcher . | . . . . Special . | . . . . Kinetic 179 | 28 96 32 23 Thermal 14 | . . . 14 Explosive . | . . . . Electromagnetic 11 | . . 11 . Robot Hit Streak 66 | 17 25 37 66 Robot Miss Streak 2 | 1 1 1 2 Penetration Max . | . . . . Secondary Targets 7 | . 3 1 3 Max Gunslinging Chain 1 | . 1 1 1 Shots Hit Robots 175 | 22 82 37 34 Core Hits 79 | 8 29 25 17 Critical Kills 1 | . . 1 . Critical Parts Destroyed 2 | 2 . . . Critical Strikes 4 | 2 . 1 1 Destroy 4 | 2 . 1 1 Melee Attacks . | . . . . Impact . | . . . . Slashing . | . . . . Piercing . | . . . . Sneak Attacks . | . . . . Combat Hostiles . | . . . . Follow-up Attacks . | . . . . Damage Inflicted 2588 | 276 1039 649 624 Guns 2585 | 276 1039 646 624 Cannons . | . . . . Explosions . | . . . . Melee . | . . . . Ramming 3 | . . 3 . Kinetic 2132 | 276 1039 475 342 Thermal 282 | . . . 282 Explosive . | . . . . Electromagnetic 171 | . . 171 . Impact . | . . . . Slashing . | . . . . Piercing . | . . . . Highest Corruption . | . . . . Average Corruption . | . . . . Corruption Purged . | . . . . Corruption Blocked . | . . . . Overload Shots . | . . . . Overflow Damage . | . . . . Projectiles . | . . . . Explosions . | . . . . Melee . | . . . . Knockbacks . | . . . . Impact . | . . . . Kinetic . | . . . . Secondary . | . . . . Self-Inflicted Damage . | . . . . Shots . | . . . . Rammed 1 | . . 1 . Targets Rammed 2 | . . 2 . Kicked . | . . . . Crushed 1 | . . 1 . Highest Temperature 318 | . 13 318 10 Average Temperature 110 | . 5 132 3 Received Heat Transfer 513 | . 117 183 213 Effects 1 | . . 1 . Energy Bleed 1 | . . 1 . Siege Activations . | . . . . Martial Activations . | . . . . Shielding Activations . | . . . . Robots Disrupted . | . . . . Combat Hostiles . | . . . . Robots Corrupted . | . . . . Combat Hostiles . | . . . . Parts Fried . | . . . . Impact Corruptions . | . . . . Robots Melted . | . . . . Combat Hostiles . | . . . . Parts Melted . | . . . . Heat Transferred 325 | . . . 325 Parts Sabotaged . | . . . . Parts Stolen . | . . . . Parts Stripped . | . . . . Power Chain Reactions . | . . . . Alert | -11 -10 -10 -10 ------- Run | Yrd Mat Min Sub Maximum Alert Level . | . . . . Low Security (%) 100 | 100 100 100 . Level 1 . | . . . . Level 2 . | . . . . Level 3 . | . . . . Level 4 . | . . . . Level 5 . | . . . . High Security . | . . . . Max Security . | . . . . Peak Influence 90 | 10 79 90 . Initial . | . . . . Average 12 | 2 23 8 . Influence Increases 673 | 35 273 250 115 Destroy 0b10 Robot/C 460 | . 180 180 100 Destroy 0b10 Robot/NC 105 | 35 40 30 . Destroy Leader 90 | . 50 40 . Successful Hack 3 | . 3 . . Lose Combat Pursuer 15 | . . . 15 Influence Decreases 573 | 35 273 250 15 Time Decay 563 | 35 273 240 15 Lost Part 10 | . . 10 . Squads Dispatched 1 | . . 1 . Investigation 1 | . . 1 . Extermination . | . . . . Reinforcement . | . . . . Assault . | . . . . Garrison . | . . . . Intercept . | . . . . Searches Triggered . | . . . . Construction Impeded . | . . . . Haulers Reinforced . | . . . . Active Scanning Responses . | . . . . Cargo Convoy Interrupts . | . . . . Stealth | -11 -10 -10 -10 --------- Run | Yrd Mat Min Sub Distress Signals 3 | . 3 . . Communications Jammed . | . . . . Distress Signals . | . . . . Times Spotted 33 | . 13 9 11 Peak Tracking Total 6 | . 3 4 6 Tactical Retreats 1 | . . . 1 Traps | -11 -10 -10 -10 ------- Run | Yrd Mat Min Sub Traps Triggered . | . . . . Indirectly . | . . . . Trap Hack Attempts . | . . . . Triggered . | . . . . Disarmed . | . . . . Reprogrammed . | . . . . Reused . | . . . . Traps Extracted . | . . . . Installed . | . . . . Triggered . | . . . . Machines | -11 -10 -10 -10 ---------- Run | Yrd Mat Min Sub Machines Disabled . | . . . . Max in Single Turn . | . . . . Machines Repaired . | . . . . Machines Dismantled . | . . . . Machines Sabotaged . | . . . . Overloaded Fab Kills . | . . . . Hacking | -11 -10 -10 -10 --------- Run | Yrd Mat Min Sub Machines Accessed 2 | . 1 1 . Terminals 1 | . 1 . . Fabricators . | . . . . Repair Stations . | . . . . Recycling Units . | . . . . Scanalyzers . | . . . . Garrison Access . | . . . . Total Hacks 2 | . 1 1 . Successful 2 | . 1 1 . Failed . | . . . . Catastrophic . | . . . . Database Lockouts . | . . . . Manual 1 | . 1 . . Terminals 1 | . 1 . . Fabricators . | . . . . Repair Stations . | . . . . Recycling Units . | . . . . Scanalyzers . | . . . . Garrison Access . | . . . . Terminal Hacks 1 | . . 1 . Open Door 1 | . . 1 . Fabricator Hacks . | . . . . Repair Station Hacks . | . . . . Recycling Unit Hacks . | . . . . Scanalyzer . | . . . . Garrison Access Hacks . | . . . . Unauthorized Hacks 1 | . 1 . . Terminals 1 | . 1 . . Botnet 1 | . 1 . . Fabricators . | . . . . Repair Stations . | . . . . Recycling Units . | . . . . Scanalyzers . | . . . . Garrison Access . | . . . . Data Cores Recovered . | . . . . Used . | . . . . Hacking Detections . | . . . . Full Trace Events . | . . . . Feedback Events . | . . . . Feedback Blocked . | . . . . Robot Schematics Acquired . | . . . . Robots Built . | . . . . Authchips . | . . . . Time . | . . . . Total Robot Build Rating . | . . . . Part Schematics Acquired . | . . . . Parts Built . | . . . . Authchips . | . . . . Time . | . . . . Total Part Build Rating . | . . . . Part Studies Acquired . | . . . . Parts Repaired . | . . . . Time . | . . . . Parts Recycled . | . . . . Recycled Matter . | . . . . Retrieved Matter . | . . . . Retrieved Components . | . . . . Parts Scanalyzed . | . . . . Part Schematics Acquired . | . . . . Parts Damaged . | . . . . Bothacking | -11 -10 -10 -10 ------------ Run | Yrd Mat Min Sub Used RIF Installer . | . . . . Robots Hacked . | . . . . Non-combat . | . . . . Combat . | . . . . Robot Hacks Applied . | . . . . Relay Couplers Released . | . . . . Fabnet Peak Effective % . | . . . . Robots Rewired . | . . . . Allies Hacked . | . . . . Hacks Repelled . | . . . . Allies | -11 -10 -10 -10 -------- Run | Yrd Mat Min Sub Total Allies . | . . . . Largest Group . | . . . . Highest-Rated Group . | . . . . Highest-Rated Ally . | . . . . Total Orders . | . . . . Ally Attacks . | . . . . Total Damage . | . . . . Kills . | . . . . Allies Corrupted . | . . . . Allies Melted . | . . . . Intel | -11 -10 -10 -10 ------- Run | Yrd Mat Min Sub Active Infowar (turns) 1720 | . 309 1072 339 Structural 1720 | . 309 1072 339 Robot Analysis Total . | . . . . Derelict Logs Recovered 1 | . . 1 . Drone Launches . | . . . . Drone Recoveries . | . . . . Exploration | -11 -10 -10 -10 ------------- Run | Yrd Mat Min Sub Turns Passed 2179 | 171 597 1072 339 Spaces Moved 1091 | 84 277 604 126 Core 17 | 17 . . . Treads 1074 | 67 277 604 126 Legs . | . . . . Wheels . | . . . . Hover . | . . . . Flight . | . . . . Fastest Speed 50 | 50 160 160 160 Average Speed 163 | 137 160 160 206 Slowest Speed 240 | 160 160 160 240 Overloaded Moves . | . . . . Propulsion Burnouts . | . . . . Robots Hopped . | . . . . Potential Cave-ins . | . . . . Cave-ins Triggered . | . . . . Exploration Rate (%) 42 | 5 54 98 14 Regions Visited 3 Branch Regions 2 Pre-discovered Areas 1 | . . 1 . Known Exits Taken 3 | 1 1 1 . Unknown Exits Taken . | . . . . Scrap Searched . | . . . . Spaces Dug . | . . . . Terrain Destroyed . | . . . . Melee . | . . . . Projectile . | . . . . AOE . | . . . . Terrain Rammed . | . . . . Walls Destroyed . | . . . . Machines Disabled . | . . . . Actions | -11 -10 -10 -10 --------- Run | Yrd Mat Min Sub Total 1281 | 111 335 666 169 Wait 44 | . . 29 15 Move 1088 | 83 276 603 126 Hop . | . . . . Pick Up 14 | 8 4 . 2 Fast Attach 6 | . 3 2 1 Attach 9 | 6 1 1 1 Detach 2 | . 1 1 . Swap 2 | . . 2 . Drop 5 | . 2 2 1 Fire 109 | 14 48 24 23 Melee . | . . . . Ram . | . . . . Kick . | . . . . Crush 2 | . . 2 . Escape Stasis . | . . . . Rewire . | . . . . Trap . | . . . . Miscellaneous . | . . . . Route ------- -11/Scrapyard -10/Materials (discovered 2 exits: *Mat / *Min) -10/Mines (discovered 4 exits: *Mat x2 / Exi / *Sub) -10/Subcaves (discovered 1 exit: *Rec) History --------- Turn | Location | Event 5 | -11/Scrapyard | Identified exit to Materials 5 | -11/Scrapyard | Discovered exit to Materials (range 14) 172 | -11/Scrapyard | Entered Materials 172 | -10/Materials | Evolved 1 slot: Utility x1 306 | -10/Materials | Build established: Hacker-Mutant 506 | -10/Materials | Identified exit to Materials 506 | -10/Materials | Discovered exit to Materials (range 10) 717 | -10/Materials | Identified exit to Mines 717 | -10/Materials | Discovered exit to Mines (range 15) 769 | -10/Materials | Entered Mines 798 | -10/Mines | Discovered exit to Materials (range 9) 911 | -10/Mines | Met a Derelict shopkeep closing up shop 994 | -10/Mines | Discovered exit to Materials (range 10) 1160 | -10/Mines | Found a hidden stash of uninstalled traps 1236 | -10/Mines | Assembled infested the area 1294 | -10/Mines | Core integrity fell below 50% 1318 | -10/Mines | Learned location of Mines (-9) 1436 | -10/Mines | Received a Rocket Launcher from a helpful Derelict 1525 | -10/Mines | Identified exit to Exiles 1525 | -10/Mines | Discovered exit to Exiles (range 6) 1760 | -10/Mines | Identified exit to Subcaves 1760 | -10/Mines | Discovered exit to Subcaves (range 14) 1841 | -10/Mines | Entered Subcaves 1844 | -10/Subcaves | Ambushed by Subdwellers from Twisted Machinery 1902 | -10/Subcaves | Shifting Twisted Machinery released Humpback 1918 | -10/Subcaves | Shifting Twisted Machinery released Sub. Power Source 1941 | -10/Subcaves | Core integrity fell below 20% 2164 | -10/Subcaves | Identified exit to Recycling 2164 | -10/Subcaves | Discovered exit to Recycling (range 16) 2180 | -10/Subcaves | Destroyed by Autobeam Turret with Autobeam Last Messages --------------- to Scrap Shield. 01966_ V2-Y79(R) suffers critical hit (Destroy). 01966_ V2-Y79(R) destroyed. 01969_ Acquired 20 matter. 01978_ Acquired Sub. Power Source. 01992_ Acquired 10 matter. 02033_ SY-VMP(R): "SUBHATE!" 02047_ SY-VMP(R) destroyed. 02050_ Acquired 8 matter. 02159_ Y-45 Defender destroyed. 02164_ EXIT=FOUND: RECYCLING 02167_ S-10 Pest destroyed. 02167_ Switching to secondary target: S-10 Pest. 02170_ S-10 Pest destroyed. 02170_ Switching to secondary target: S-10 Pest. 02173_ S-10 Pest destroyed. 02173_ Switching to secondary target: S-10 Pest. 02173_ S-10 Pest destroyed. 02174_ Subatomizers dissect the Wheel. 02178_ Acquired 10 matter. Map ----- +----------------------------------------------------+ | ?????????????????????????????????????????????????? | | ?????????????????????????????????????????????????? | | ?????????????????????????????????????????????????? | | ?????????????????????????????????????????????????? | | ?????????????????????????????????????????????????? | | ?????????????????????????????????????????????????? | | ?????????????????????????????????????????????????? | | ?????????????????????????????????????????????????? | | ?????????????????????????????????????????????????? | | ?????????????????????????????????????????????????? | | ?????????????????????###?????????????????????????? | | ?????????????????????##>?????????????????????????? | | ???????????????????"""" ?????????????????????????? | | ???????????????????" " ?????????????????????????? | | ???????????????????" t ?????????????????????????? | | ???????????????????? ????????????????????????? | | ???????????????????? %= ????????????????????????? | | ???????????????????? *==*????????????????????????? | | ????????????????????##%=%???????????????########## | | ????????????????????## %[??????????????########### | | ????????????????????## ??############### | | ???????????????????? # ################ | | ???????????????????? # #### ### # ## | | ????????????????????## ### | | ????????????????????## % | | ????????????????????## @ # # | | ????????????????????## %### ###### ## | | ???????????????????### ! ######### ## # ! ## | | ???????????????????## =%= ######?## ## # !%### | | ???????????????????### [ ##?????### # # ]"## | | ???????????????????### ##?????### # %# ### | | ????????????????????#### ###??????# # | | ????????????????????#### |###????# ## # " | | ??????????????????????##=%!#?????## # # ##"#" | | ??????????????????????# # ?????" ### ###### | | ?????????????????????## # ???? " "#### "###### | | ?????????????????????## ???????" #### "##???## | | ?????????????????????### ??????? ###?##"""#????? | | ?????????????????????## ??????? ?????# ""##????? | | ??????????????????????# ?????????????"? ##????? | | ??????????????????????#### ??????????????????????? | | ??????????????????????#### ??????????????????????? | | ?????????????????????????????????????????????????? | | ?????????????????????????????????????????????????? | | ?????????????????????????????????????????????????? | | ?????????????????????????????????????????????????? | | ?????????????????????????????????????????????????? | | ?????????????????????????????????????????????????? | | ?????????????????????????????????????????????????? | | ?????????????????????????????????????????????????? | +----------------------------------------------------+ Best States ------------- Heat Dissipation 25 Energy Generation 15 Energy Capacity 250 Matter Stores 300 Matter Capacity 300 Sight Range 16 Terrain Scan Density 10 Additional Mass Support 6 Armor Coverage 150 Resistance: KI 55 Resistance: TH 35 Resistance: EX 35 Resistance: EM 35 Resistance: I 35 Resistance: S 35 Resistance: P 35 Utility Shielding 66 Evasion (%) 50 Targeting Accuracy 5 Recoil Reduction 2 Offensive Hacking 20 Item Schematics ----------------- None Robot Schematics ------------------ None Fabricated ------------ Nothing Repaired ---------- Nothing Studied --------- None Alien Tech Used ----------------- None Achievements -------------- None Challenges ------------ None Game ------ Seed TransdimensionalImpactFrame Manual? 0 Play Time 00:11:15 Cumulative 202.5 hours Start 2025.12.16 @ 14:06:20 End 2025.12.16 @ 14:19:52 Sessions 1 Manual Loads 0 Difficulty Explorer Special Mode None Game No. 306 Rogue 0 Adventurer 0 Explorer 306 Win Type - Total 0 Types 0/0/0/0/0/0/0/0/0/0 Lore% 71 Gallery% 67 Achievement% 53 Wizard Run 0 Options --------- Layout 1 ASCII 0 Keyboard 0 Movement Mouse Keybinds 0 Fullscreen 1 Font 24/Smallcaps Map View 50x35 Zoom Use 0% Tactical HUD 1 Map Filters NONE Filters NONE Steam 1 RUN: 9d479e27-b5a7-411e-9c90-c9ec9afe0101